 Dungeon Crawl Stone Soup version 0.19.5 (webtiles) character file.

1739 fili the Geomancer (level 9, -1/46 HPs)
             Began as a Gargoyle Earth Elementalist on Mar 14, 2017.
             Was an Initiate of Vehumet.
             Slain by an orc warrior
             ... wielding a +0 flail
              (16 damage)
             ... on level 6 of the Dungeon on Mar 16, 2017.
             The game lasted 01:37:54 (9321 turns).

fili the Geomancer (Gargoyle Earth Elementalist)    Turns: 9321, Time: 01:37:54

Health: -1/46      AC: 11    Str:  9 (11) XL:     9   Next: 5%
Magic:  2/20       EV: 12    Int: 20      God:    Vehumet [......]
Gold:   333        SH:  0    Dex: 11 (12) Spells: 2 memorised, 18 levels left

rFire  . . .     SeeInvis .     i - +1 hand axe
rCold  . . .     Gourm    .     D - +2 robe {rN+}
rNeg   + + .     Faith    .     (no shield)
rPois  ∞         Spirit   .     (no helmet)
rElec  +         Reflect  .     w - +1 cloak
rCorr  .         Harm     .     (no gloves)
MR     .....     Clarity  +     (no boots)
Stlth  ++........               (no amulet)
                                (no ring)
                                (no ring)

@: no status effects
A: agile 1, clarity, deterioration 2, negative energy resistance 1, electricity
resistance, unbreathing, petrification resistance, rot immunity, subdued magic
1, AC +5
a: Renounce Religion


You were on level 6 of the Dungeon.
You worshipped Vehumet.
Vehumet was noncommittal.
You were not hungry.

You visited 2 branches of the dungeon, and saw 8 of its levels.

You collected 333 gold pieces.

Inventory:

Hand Weapons
 h - a +0 club
 i - a +1 hand axe (weapon)
 k - a +0 spear
 n - a +0 whip
Missiles
 b - 100 stones (quivered)
 f - 83 arrows
 g - 4 tomahawks
 r - 3 silver tomahawks
 u - 20 bolts
Armour
 s - a +2 robe of fire resistance
 w - a +1 cloak (worn)
 D - a +2 robe of positive energy (worn)
Scrolls
 c - a scroll of amnesia {unknown}
 j - 5 scrolls of identify
 y - 3 scrolls of enchant weapon
 z - 2 scrolls of remove curse
 C - 3 scrolls of blinking
Potions
 a - a potion of brilliance
 l - 4 potions of curing {unknown}
 m - a potion of haste {unknown}
 q - 2 potions of berserk rage {unknown}
 t - a potion of might {unknown}
 x - 4 potions of degeneration {unknown}
 A - a potion of heal wounds {unknown}
Books
 e - a book of Geomancy

   Spells                             Type                      Level
   a - Sandblast                      Earth                        1
   b - Passwall                       Transmutation/Earth          2
   c - Stone Arrow                    Conjuration/Earth            3
   d - Petrify                        Transmutation/Earth          4
   e - Lee's Rapid Deconstruction     Earth                        5
 B - a book of Changes

   Spells                             Type                      Level
   a - Beastly Appendage              Transmutation                1
   b - Sticks to Snakes               Transmutation                2
   c - Spider Form                    Transmutation/Poison         3
   d - Ice Form                       Ice/Transmutation            4
   e - Blade Hands                    Transmutation                5
Comestibles
 d - 3 bread rations
 o - 2 royal jellies
 p - 2 chunks of flesh


   Skills:
 - Level 0.9 Fighting
 - Level 2.1 Axes
 - Level 1.5 Dodging
 - Level 2.1 Stealth
 + Level 7.3 Spellcasting
 - Level 1.0 Conjurations
   Level 0.7 Transmutations
 + Level 9.7 Earth Magic


You had 18 spell levels left.
You knew the following spells:

 Your Spells              Type           Power        Failure   Level  Hunger
a - Sandblast             Erth           #####.       1%          1    None
b - Stone Arrow           Conj/Erth      ###...       2%          3    #......


Dungeon Overview and Level Annotations

Branches:
Dungeon (7/15)             Temple (1/1) D:7

Altars:
Ashenzari
Cheibriados
Dithmenos
Elyvilon
Fedhas
Gozag
Hepliaklqana
Kikubaaqudgha
Makhleb
Qazlal
Ru
Trog
Uskayaw
Vehumet
Xom
Yredelemnul
Zin
The Shining One

Shops:
D:3 *

Annotations:
D:3 Sigmund
D:5 Menkaure


Innate Abilities, Weirdness & Mutations

You are resistant to torment.
Your stone body is resilient. (AC +5)
You are immune to poison.
You resist negative energy. (rN+)
You are resistant to electric shocks. (rElec)
You can survive without breathing.
You are immune to petrification.
You are immune to rotting.
You are agile. (Dex +2)
You possess an exceptional clarity of mind.
Your body often deteriorates upon taking damage.
Your spells are a little easier to cast, but a little less powerful.


Message History

Aim: an orc warrior, wielding a flail and wearing a chain mail (lightly wounded)
The stone arrow hits the orc warrior.
The orc warrior is heavily wounded.
The orc warrior hits you with a flail!
Your body deteriorates!
You feel weakened.
Casting: Stone Arrow
Confirm with . or Enter, or press ? or * to list all spells.
Aiming: Stone Arrow
Press: ? - help, Shift-Dir - straight line, f/p - orc warrior
Aim: an orc warrior, wielding a flail and wearing a chain mail (heavily wounded)
The stone arrow hits the orc warrior.
The orc warrior is almost dead.
The orc warrior hits you with a flail.
Casting: Stone Arrow
Confirm with . or Enter, or press ? or * to list all spells.
You don't have enough magic to cast that spell.
You hit the orc warrior but do no damage.
The orc warrior is almost dead.
The orc warrior hits you with a flail!
You die...

.##..#.......'....#..+.......+
.#...#.......#..###.##.......####
.#...#.......#..###'#####........
.#...#.......#..........#........
.#...#.......#..........+........
.'...#.......#####..#####........
.#####.......#..##..##.#....####.
.............#.........#....# .
.............#..@o.....#....# .
.............#...>.....'....#
.............##+######+#....#
..........................###
......#######.............#
.....>'.....#....)........#
......#.....#.............#
......#.....#.............#
......##################+##


You could see an orc warrior.

Vanquished Creatures
  Grinder (D:2)
  4 sky beasts
  An ice beast (D:5)
  A necrophage (D:7)
  An ogre (D:5)
  2 bullfrogs
  A scorpion (D:4)
  2 crimson imps
  A bullfrog zombie (D:7)
  4 hounds
  An orc priest (D:2)
  Ijyb (D:2)
  2 orc wizards (D:6)
  An iguana (D:6)
  6 worker ants
  A hound skeleton (D:4)
  2 worker ant zombies
  A howler monkey zombie (D:5)
  7 adders
  2 oozes
  2 dart slugs (D:1)
  3 leopard geckos
  17 orcs
  7 ball pythons
  3 giant cockroaches
  9 hobgoblins
  4 quokkas
  6 bats
  8 frilled lizards
  11 goblins
  A jackal skeleton (D:4)
  7 kobolds
  A quokka skeleton (D:4)
  7 rats
128 creatures vanquished.

Notes
Turn   | Place    | Note
-------+----------+-------------------------------------------
     0 | D:1      | fili the Gargoyle Earth Elementalist began the quest for the Orb.
     0 | D:1      | Reached XP level 1. HP: 10/10 MP: 3/3
   622 | D:1      | Reached skill level 4 in Earth Magic
   622 | D:1      | Reached XP level 2. HP: 5/15 MP: 1/5
  1606 | D:2      | Reached XP level 3. HP: 19/19 MP: 2/6
  2026 | D:2      | Reached skill level 1 in Axes
  2197 | D:2      | Found a glowing golden altar of the Shining One.
  2580 | D:3      | Noticed Grinder
  2661 | D:3      | Found a faded altar of an unknown god.
  2779 | D:2      | Reached XP level 4. HP: 24/24 MP: 6/8
  3157 | D:3      | Noticed Sigmund
  3159 | D:3      | Noticed Ijyb
  3876 | D:4      | Reached XP level 5. HP: 22/28 MP: 0/10
  4069 | D:4      | Reached skill level 5 in Earth Magic
  4303 | D:4      | Found a burning altar of Makhleb.
  4377 | D:4      | Reached XP level 6. HP: 23/33 MP: 3/12
  4951 | D:5      | Entered Level 5 of the Dungeon
  4970 | D:5      | Reached skill level 6 in Earth Magic
  5251 | D:5      | Noticed an ice beast
  5330 | D:5      | Noticed a sky beast
  5388 | D:3      | Found Zin's Purification Station.
  5389 | D:3      | Found a glowing silver altar of Zin.
  5652 | D:2      | Killed Ijyb
  5741 | D:3      | Paralysed by Grinder for 5 turns
  5759 | D:2      | Killed Grinder
  5759 | D:2      | Reached skill level 5 in Spellcasting
  5759 | D:2      | Reached skill level 7 in Earth Magic
  5759 | D:2      | Reached XP level 7. HP: 10/37 MP: 1/14
  6549 | D:5      | Noticed Menkaure
  7228 | D:5      | Reached skill level 8 in Earth Magic
  7228 | D:5      | Reached XP level 8. HP: 40/42 MP: 6/16
  7460 | D:5      | Learned a level 3 spell: Stone Arrow
  7685 | D:6      | Found a blossoming altar of Fedhas.
  8130 | D:6      | Reached skill level 1 in Conjurations
  8406 | D:7      | Found a shattered altar of Ashenzari.
  8473 | D:7      | Found a hide-covered altar of Uskayaw.
  8495 | D:7      | Reached skill level 9 in Earth Magic
  8500 | D:7      | Gained mutation: You are agile. (Dex +2) [mutagenic meat]
  8695 | D:6      | Gained mutation: Your spells are a little easier to cast, but a little less powerful. [mutagenic meat]
  8696 | D:6      | Gained mutation: Your body sometimes deteriorates upon taking damage. [mutagenic meat]
  8697 | D:6      | Gained mutation: Your body often deteriorates upon taking damage. [mutagenic meat]
  8698 | D:6      | Gained mutation: You possess an exceptional clarity of mind. [mutagenic meat]
  8967 | D:7      | Found a staircase to the Ecumenical Temple.
  8976 | Temple   | Entered the Ecumenical Temple
  9017 | Temple   | Became a worshipper of Vehumet
  9153 | D:7      | Reached XP level 9. HP: 40/46 MP: 15/20
  9321 | D:6      | Slain by an orc warrior

Skill      XL: |  1  2  3  4  5  6  7  8 |
---------------+-------------------------+-----
Earth Magic    | 4 5 7 8 9 |  9.7
Axes           | 1 2 |  2.1
Spellcasting   | 3 4 5 7 |  7.3
Conjurations   | 1 |  1.0
Fighting       | |  0.9
Dodging        | |  1.5
Stealth        | |  2.1
Transmutations | |  0.7

Action                   |  1- 3 |  4- 6 |  7- 9 || total
-------------------------+-------+-------+-------++-------
Melee: Hand axe          |    24 |    86 |    66 ||   176
 Cast: Sandblast         |    72 |   130 |   102 ||   304
       Stone Arrow       |       |       |    47 ||    47
  Use: Scroll            |     5 |     1 |     2 ||     8
       Potion            |       |       |     2 ||     2
  Eat: Chunk             |     7 |     8 |    10 ||    25
       Fruit             |       |     1 |     2 ||     3
       Meat ration       |       |       |     1 ||     1
       Pizza             |       |       |     1 ||     1
Armor: Robe              |    23 |   108 |   108 ||   239
Dodge: Dodged            |    47 |   172 |   111 ||   330
